Selects Panzerjäger Kommand Battlegroup
Selects Blockade Equipment
Construct Light Support Kompanie
Selects GrB 39 Grenade Launcher Requisition
Construct Mechanized Kompanie
Selects Defensive Positions
Marder III Tank Destroyer
Selects Butterfly Bomb Drop
Marder III Tank Destroyer
Selects Crew Shock Tactics
Construct Panzerarmee Kommand
Selects Anti-tank Overwatch
Walking Stuka Rocket Launcher
Marder III Tank Destroyer
Marder III Tank Destroyer